AoeStats
← GenghisKhan7734

Arena

508283289Analyzed
3v3 RM · 10d ago on Sep 21, 2026· 57m 22s· 6 players
Game mode
Random Map
Map size
Normal (6 player)
Population
200
Speed
Normal
Resources
Standard
Victory
Conquest
Starting age
Dark Age
Ending age
Imperial Age
RankedLock teamsTeams togetherTeam positionsShared explorationLock speedFull tech treeHidden civsTurbo modeCheats
Victory
Defeat
🇹🇷 Chinese · Türkiye
651
+15
🇹🇷 Franks · Türkiye
601
+17
🇹🇷 Vietnamese · Türkiye
557
+20
🇰🇿 Bohemians · Kazakhstan
672
-44
🇰🇿 Mongols · Kazakhstan
614
-36
🇰🇿 Japanese · Kazakhstan
614
-36
mandiranoy
3:33 Loom
12:45 Feudal Age
18:48 Double-Bit Axe
23:22 Castle Age
24:07 Pikeman
33:18 Squires
33:05 Arson
36:48 Imperial Age
37:08 Halberdier
39:08 Chatras
44:26 Elite Battle Elephant
SmokedMyself
11:04 Feudal Age
13:37 Double-Bit Axe
14:27 Gold Mining
15:29 Wheelbarrow
20:37 Castle Age
19:16 Forging
21:52 Scale Barding Armor
22:24 Iron Casting
22:37 Bow Saw
25:32 Hand Cart
26:42 Gold Shaft Mining
29:23 Caravan
29:48 Chain Barding Armor
32:38 Husbandry
35:37 Imperial Age
35:39 Cavalier
37:22 Blast Furnace
36:57 Plate Barding Armor
37:11 Chivalry
37:15 Paladin
Adags
13:28 Feudal Age
14:18 Double-Bit Axe
14:16 Horse Collar
18:03 Gold Mining
21:29 Castle Age
21:54 Stone Mining
22:47 Heavy Plow
23:04 Bow Saw
29:52 Caravan
34:45 Imperial Age
34:28 Padded Archer Armor
34:19 Fletching
33:52 Elite Skirmisher
34:44 Thumb Ring
34:51 Imperial Skirmisher
35:55 Leather Archer Armor
35:36 Bodkin Arrow
36:59 Pikeman
40:01 Ring Archer Armor
39:32 Bracer
40:19 Wheelbarrow
41:30 Conscription
40:39 Elite Chu Ko Nu
40:44 Halberdier
43:14 Coinage
44:43 Rocketry
46:26 Banking
57:18 Spies/Treason
arifyussupov
14:16 Feudal Age
14:47 Double-Bit Axe
15:14 Horse Collar
16:43 Gold Mining
16:44 Stone Mining
17:36 Wheelbarrow
22:34 Castle Age
21:11 Scale Barding Armor
23:49 Bow Saw
24:49 Hand Cart
28:10 Gold Shaft Mining
28:10 Stone Shaft Mining
35:26 Chain Barding Armor
34:57 Fletching
35:08 Padded Archer Armor
35:09 Scale Mail Armor
35:19 Forging
40:07 Imperial Age
41:34 Imperial Age
39:22 Nomads
41:41 Elite Steppe Lancer
42:16 Elite Steppe Lancer
43:13 Guard Tower
43:19 Murder Holes
44:27 Chemistry
43:47 Ballistics
44:33 Chain Mail Armor
44:34 Leather Archer Armor
48:11 Iron Casting
48:06 Plate Mail Armor
47:32 Bodkin Arrow
57:26 Loom
miraskz2016
10:09 Loom
12:31 Feudal Age
14:51 Wheelbarrow
13:58 Horse Collar
14:06 Double-Bit Axe
20:29 Castle Age
21:52 Hand Cart
21:41 Heavy Plow
21:54 Bow Saw
22:22 Caravan
28:02 Treadmill Crane
31:01 Imperial Age
30:01 Masonry
29:56 Town Watch
31:17 Elite Hussite Wagon
34:11 Conscription
35:26 Wagenburg Tactics
47:12 Architecture
46:56 Fortified Wall
47:48 Chemistry
51:28 Ballistics
51:29 Bombard Tower
51:07 Murder Holes
GenghisKhan7734
8:31 Loom
11:19 Feudal Age
15:42 Castle Age
13:58 Man-at-Arms
18:32 Long Swordsman
19:47 Gambesons
19:49 Double-Bit Axe
22:56 Crossbowman
25:35 Pikeman
26:30 Fletching
28:32 Bodkin Arrow
28:48 Forging
29:47 Bow Saw
29:18 Horse Collar
35:42 Imperial Age
34:10 Scale Mail Armor
34:07 Gold Mining
35:29 Wheelbarrow
36:28 Two-Handed Swordsman
39:07 Thumb Ring
41:03 Bracer
42:23 Arbalester
44:15 Squires
43:36 Champion
46:56 Iron Casting
46:39 Chain Mail Armor
47:12 Halberdier
Connection lost

Rejoining the realm…

Still unreachable

The connection could not be restored.

Session expired

The server has moved on; the page needs a fresh start.